 Dungeon Crawl Stone Soup version 0.32-a0-17-gb74e046682 (webtiles) character file.

Game seed: 9771952998274201143

373 greenreed the Trooper (level 6, -3/57 HPs)
             Began as a Minotaur Fighter on Jan 15, 2024.
             Was an Initiate of Qazlal.
             Slain by Pikel
             ... wielding a +2 whip of electrocution
              (6 damage)
             ... on level 5 of the Dungeon.
             The game lasted 00:06:13 (3876 turns).

greenreed the Trooper (Minotaur Fighter)            Turns: 3876, Time: 00:06:14

Health: -3/57      AC: 10    Str: 23    XL:     6   Next: 43%
Magic:  5/5        EV:  9    Int:  5    God:    Qazlal [......]
Gold:   156        SH:  4    Dex:  9    Spells: 5/5 levels left

rFire   . . .        a - +0 flail
rCold   . . .        c - +0 buckler
rNeg    . . .        b - +0 scale mail
rPois   .            (helmet restricted)
rElec   .            n - +2 cloak {Stlth+}
rCorr   .            (no gloves)
SInv    .            (no boots)
Will    .....        j - amulet of the acrobat
Stlth   +            (no ring)
HPRegen 0.29/turn    (no ring)
MPRegen 0.09/turn

%: acrobat
@: mighty
A: horns 2, retaliatory headbutt
a: Renounce Religion


You were on level 5 of the Dungeon.
You worshipped Qazlal.
Qazlal was noncommittal.
You visited 2 branches of the dungeon, and saw 6 of its levels.

You collected 156 gold pieces.

Inventory:

Hand Weapons
 a - a +0 flail (weapon)
Armour
 b - a +0 scale mail (worn)
 c - a +0 buckler (worn)
 n - a +2 cloak of stealth (worn)
Jewellery
 j - an amulet of the acrobat (around neck)
 l - an amulet of reflection
 s - a +6 ring of intelligence
Scrolls
 e - a scroll of vulnerability {unknown}
 f - 2 scrolls of poison {unknown}
 g - 2 scrolls of amnesia {unknown}
 h - 5 scrolls of identify {unknown}
 k - a scroll of enchant weapon {unknown}
 m - a scroll of fog {unknown}
 q - a scroll of blinking {unknown}
Potions
 i - a potion of lignification {unknown}
 o - a potion of mutation {unknown}
 p - a potion of degeneration {unknown}
 r - a potion of haste {unknown}
 t - 2 potions of heal wounds {unknown}
 u - 3 potions of curing {unknown}


   Skills:
 * Level 5.9 Fighting
 * Level 5.2 Maces & Flails
 + Level 4.7 Armour
 + Level 4.8 Shields
 + Level 0.0 Invocations


You had 5 spell levels left.
You didn't know any spells.
Your spell library contained the following spells:

 Spells                   Type           Power      Damage    Failure   Level
 Blink                    Tloc           0%         N/A       93%         2
 Lesser Beckoning         Tloc           0%         N/A       93%         2
 Momentum Strike          Conj/Tloc      0%         3d8       93%         2
 Anguish                  Hex/Necr       0%         N/A       100%        4
 Cause Fear               Hex            0%         N/A       100%        4
 Enfeeble                 Hex            0%         N/A       100%        7


Dungeon Overview and Level Annotations

Branches:
Dungeon (5/15)             Temple (1/1) D:4

Altars:
Ashenzari
Cheibriados
Dithmenos
Elyvilon
Fedhas
Hepliaklqana
Kikubaaqudgha
Okawaru
Qazlal
Ru
Sif Muna
Trog
Wu Jian
Yredelemnul
Zin

Annotations:
D:5 Pikel


Innate Abilities, Weirdness & Mutations

You have a pair of horns on your head.
You reflexively headbutt those who attack you in melee.


Message History

The lemure hits you.
You hit the lemure. Your headbutt misses the lemure.
The lemure is moderately wounded.
The lemure hits you but does no damage.
You thump the lemure! Your headbutt misses the lemure.
The lemure is severely wounded.
The lemure hits you but does no damage.
The lemure shouts!
You hit the lemure.
The lemure is almost dead.
The lemure hits you but does no damage.
You barely miss the lemure. Your headbutt misses the lemure.
The lemure is almost dead.
The lemure hits you.
You hit Pikel.
Pikel is lightly wounded.
Pikel hits you with a +2 whip of electrocution.
You are electrocuted!!
You feel very mighty all of a sudden.
Pikel hits you with a +2 whip of electrocution.
You barely miss Pikel.
Pikel is lightly wounded.
Pikel hits you with a +2 whip of electrocution.
* * * LOW HITPOINT WARNING * * *
You closely miss Pikel.
Pikel is lightly wounded.
Pikel barely misses you.
You thump Pikel!
Pikel is moderately wounded.
Pikel hits you with a +2 whip of electrocution.
* * * LOW HITPOINT WARNING * * *
You closely miss Pikel. Your headbutt misses Pikel.
Pikel is moderately wounded.
Pikel hits you with a +2 whip of electrocution!
* * * LOW HITPOINT WARNING * * *
You barely miss Pikel. You headbutt Pikel!
Pikel is heavily wounded.
Pikel hits you with a +2 whip of electrocution.
You die...
Pikel says, "Another soul for the market."

####........#
##.#####...# #.##
#... #..###...#
##.....# ###....##
#....#.#
###########.####...
#.....##5K@.# #..#
#.....#55#### #...
#....>..## #..
#......## ..
#.......5#
......$...K.5#
####...####5## #.#$
..# #.## ...


You could see Pikel and 3 lemures.

Vanquished Creatures
  2 scorpions (D:4)
  A hound (Temple)
  An orc wizard (D:3)
  6 gnolls
  3 adders (D:3)
  5 dart slugs
  A ribbon worm (D:3)
  7 orcs
  9 endoplasms
  7 giant cockroaches
  8 goblins
  5 hobgoblins
  4 jackals (D:3)
  7 kobolds
  4 quokkas
  10 ball pythons
  7 bats
  6 frilled lizards
  5 rats (D:1)
98 creatures vanquished.

Notes
Turn   | Place    | Note
-------+----------+-------------------------------------------
     0 | D:1      | greenreed the Minotaur Fighter began the quest for the Orb.
     0 | D:1      | Reached XP level 1. HP: 19/19 MP: 0/0
   138 | D:1      | Reached XP level 2. HP: 27/27 MP: 1/1
   695 | D:1      | Reached XP level 3. HP: 33/33 MP: 2/2
  1381 | D:2      | Reached XP level 4. HP: 10/41 MP: 3/3
  2066 | D:3      | Reached skill level 5 in Fighting
  2066 | D:3      | Reached XP level 5. HP: 48/48 MP: 4/4
  2523 | D:3      | Found a faded altar of an unknown god.
  3005 | D:4      | Found a staircase to the Ecumenical Temple.
  3029 | D:4      | Reached XP level 6. HP: 56/56 MP: 5/5
  3035 | Temple   | Entered the Ecumenical Temple
  3037 | Temple   | Reached skill level 5 in Maces & Flails
  3090 | Temple   | Became a worshipper of Ru the Awakened
  3655 | D:4      | Found a stormy altar of Qazlal.
  3658 | D:4      | Found a hazy altar of Hepliaklqana.
  3663 | D:4      | Found a shadowy altar of Dithmenos.
  3795 | D:4      | Fell from the grace of Ru
  3796 | D:4      | Became a worshipper of Qazlal Stormbringer
  3822 | D:5      | Entered Level 5 of the Dungeon
  3858 | D:5      | Noticed Pikel
  3876 | D:5      | Slain by Pikel

Illustrated notes

Levels and vault maps discovered:
D:1:      minmay_arrival_stone_box, layout_loops_corners
D:2:      layout_basic
D:3:      wander_river, layout_basic, basic_ecumenical_altar
D:4:      layout_loops_ring, minitemple, minmay_temple_entry_slanted
D:5:      layout_rooms, mainiacjoe_overflow_chevrons, uniq_crazy_yiuf_cottage,
          uniq_pikel
Temple:   minmay_temple_forest_path

Skill      XL: |  1  2  3  4  5  6 |
---------------+-------------------+-----
Fighting       | 4 5 |  5.9
Maces & Flails | 3 4 5 |  5.2
Shields        | 4 |  4.8
Armour         | 4 |  4.7

Action                     |  1- 3 |  4- 6 || total
---------------------------+-------+-------++-------
  Melee: Flail             |   104 |   163 ||   267
         Headbutt          |    14 |    29 ||    43
 Invoke: Renounce Religion |       |     1 ||     1
    Use: Potion            |       |     1 ||     1
 Armour: Scale mail        |    55 |   102 ||   157
  Dodge: Dodged            |    39 |    84 ||   123
  Block: Buckler           |    22 |    28 ||    50

Table legend: (Time is in decaauts)
 A = Elapsed time spent in this place.
 B = Non-inter-level travel time spent in this place.
 C = Inter-level travel time spent in this place.
 D = Time resting spent in this place.
 E = Time spent auto-exploring this place.
 F = Levels seen in this place.
 G = Mean time per level.
                   A        B        C        D        E       F      G
               +--------+--------+--------+--------+--------+-----+--------+
         Total |   3952 |   3718 |    234 |      0 |   3038 |   6 |  658.7 |
       Dungeon |   3842 |   3714 |    128 |      0 |   3038 |   5 |  768.4 |
        Temple |    109 |      3 |    106 |      0 |      0 |   1 |  109.0 |
               +--------+--------+--------+--------+--------+-----+--------+

Top non-repeatable levels by time:
     D:1: 1020 daAuts
     D:4: 949 daAuts
     D:3: 929 daAuts
     D:2: 887 daAuts
  Temple: 109 daAuts
     D:5: 55 daAuts
